 Dungeon Crawl Stone Soup version 0.31-a0-365-gcf821cafb2 (webtiles) character file.

Game seed: 9985291112652464586

49 rocky1 the Shield-Bearer (level 3, -1/52 HPs)
             Began as a Gnoll Fighter on July 28, 2023.
             Slain by Crazy Yiuf
             ... wielding a +2 quarterstaff of chaos
              (4 damage)
             ... on level 2 of the Dungeon.
             The game lasted 00:02:40 (1864 turns).

rocky1 the Shield-Bearer (Gnoll Fighter)            Turns: 1864, Time: 00:02:41

Health: -1/52      AC:  7    Str: 15    XL:     3   Next: 75%
Magic:  4/4        EV:  9    Int:  9    God:
Gold:   145        SH:  5    Dex: 11    Spells: 4/4 levels left

rFire   . . .        a - +0 trident
rCold   . . .        c - +0 buckler
rNeg    . . .        h - +0 scale mail
rPois   .            (no helmet)
rElec   .            (no cloak)
rCorr   .            (no gloves)
SInv    .            (no boots)
Will    .....        (no amulet) Stlth
                     (no ring)
HPRegen 0.28/turn    (no ring)
MPRegen 0.09/turn

%: no passive effects
@: berserking (expiring), lethally poisoned (-1 -> -11), very quick
A: fangs 1, strong nose, distributed training
a: no special abilities


You were on level 2 of the Dungeon.
You visited 1 branch of the dungeon, and saw 2 of its levels.

You collected 145 gold pieces.

Inventory:

Hand Weapons
 a - a +0 trident (weapon)
 b - a +0 sling
 k - a +2 spear of freezing
Missiles
 n - 2 boomerangs (quivered)
 q - 4 datura-tipped darts
Armour
 c - a +0 buckler (worn)
 h - a +0 scale mail (worn)
 l - a +0 pair of gloves
Jewellery
 j - a ring of see invisible
 m - an amulet of regeneration
 o - a ring of willpower
Scrolls
 g - a scroll of teleportation {unknown}
 i - a scroll of vulnerability {unknown}
 r - a scroll of brand weapon {unknown}
Potions
 d - a potion of might
 e - a potion of cancellation {unknown}
 f - a potion of brilliance {unknown}
 p - a potion of attraction {unknown}


   Skills:
 + Level 6.5 Fighting
 + Level 1.0 Short Blades
 + Level 1.0 Long Blades
 + Level 1.0 Axes
 + Level 1.0 Maces & Flails
 + Level 4.6 Polearms
 + Level 1.0 Staves
 + Level 1.0 Ranged Weapons
 + Level 1.0 Throwing
 + Level 6.5 Armour
 + Level 1.0 Dodging
 + Level 1.0 Stealth
 + Level 6.5 Shields
 + Level 1.0 Unarmed Combat
 + Level 1.0 Spellcasting
 + Level 0.7 Conjurations
 + Level 0.7 Hexes
 + Level 0.7 Summonings
 + Level 0.7 Necromancy
 + Level 0.7 Translocations
 + Level 0.7 Transmutations
 + Level 0.7 Fire Magic
 + Level 0.7 Ice Magic
 + Level 0.7 Air Magic
 + Level 0.7 Earth Magic
 + Level 0.7 Poison Magic
 + Level 1.0 Invocations
 + Level 1.0 Evocations
 + Level 0.7 Shapeshifting


You had 4 spell levels left.
You didn't know any spells.
Your spell library was empty.

Dungeon Overview and Level Annotations

Branches:
Dungeon (2/15)

Altars:

Shops:
D:1 (

Annotations:
D:2 Crazy Yiuf


Innate Abilities, Weirdness & Mutations

You have very sharp teeth.
Your uncanny sense of smell can sniff out nearby items.
Your experience applies equally to all skills.


Message History

You barely miss Crazy Yiuf.
Crazy Yiuf is heavily wounded.
Crazy Yiuf barely misses you.
You barely miss Crazy Yiuf.
Crazy Yiuf is heavily wounded.
Crazy Yiuf barely misses you.
Crazy Yiuf yells, "Snurf childish snockshim!"
Crazy Yiuf hits you with a +2 quarterstaff of chaos.
You are poisoned.
You hit Crazy Yiuf.
Crazy Yiuf is severely wounded.
You feel very sick.
Crazy Yiuf hits you with a +2 quarterstaff of chaos.
A red film seems to cover your vision as you go berserk!
You feel yourself moving faster!
You feel mighty!
You hit Crazy Yiuf.
Crazy Yiuf is severely wounded.
You feel very sick.
Crazy Yiuf hits you with a +2 quarterstaff of chaos!
You are lethally poisoned!
You completely miss Crazy Yiuf.
Crazy Yiuf is severely wounded.
* * * LOW HITPOINT WARNING * * *
You feel very sick.
You hit Crazy Yiuf but do no damage.
Crazy Yiuf is severely wounded.
* * * LOW HITPOINT WARNING * * *
You feel very sick. Crazy Yiuf hits you but does no damage.
You blink.
* * * LOW HITPOINT WARNING * * *
You feel very sick.
You feel a strong urge to attack something.
* * * LOW HITPOINT WARNING * * *
You feel very sick.
Unknown command.
* * * LOW HITPOINT WARNING * * *
You feel sick.
Crazy Yiuf says, "You dark disdain!"
Crazy Yiuf hits you with a +2 quarterstaff of chaos.
You die...

.....#.###.##..............#
.##....#
#.[...##################
######.###.###.# #....... #
##..†## #.# #.######
########.## ### #.#
#........# #.# #.########
##### #.# #.# #..)# #.# #.#
#.@.# #.# #.######### #.g.#
#.# #.........# ##'## #.# ##
#########.# ♣♣§♣ #.# #. #.#
♣.♣♣ #.#####. #.# ♣♣.♣
#....... #.# ♣.♣♣ #######.
###.## ♣♣.♣♣ ##### #. #....#
♣.P.♣♣ #...###)


You could see Crazy Yiuf.

Vanquished Creatures
  An adder (D:2)
  2 dart slugs (D:1)
  3 ball pythons
  5 giant cockroaches
  A goblin (D:2)
  A hobgoblin (D:1)
  5 jackals
  A quokka (D:2)
  4 bats
  3 frilled lizards
  5 kobolds
  4 rats
35 creatures vanquished.

Notes
Turn   | Place    | Note
-------+----------+-------------------------------------------
     0 | D:1      | rocky1 the Gnoll Fighter began the quest for the Orb.
     0 | D:1      | Reached XP level 1. HP: 23/23 MP: 1/1
   305 | D:1      | Reached XP level 2. HP: 27/29 MP: 2/2
   471 | D:1      | Found Wurgh's Weapon Boutique.
  1030 | D:2      | Reached XP level 3. HP: 35/35 MP: 2/4
  1146 | D:2      | Found a faded altar of an unknown god.
  1382 | D:2      | Reached skill level 1 in Invocations
  1592 | D:2      | Reached skill level 1 in Short Blades
  1592 | D:2      | Reached skill level 1 in Long Blades
  1592 | D:2      | Reached skill level 1 in Axes
  1592 | D:2      | Reached skill level 1 in Maces & Flails
  1592 | D:2      | Reached skill level 1 in Staves
  1592 | D:2      | Reached skill level 1 in Ranged Weapons
  1592 | D:2      | Reached skill level 1 in Throwing
  1592 | D:2      | Reached skill level 1 in Dodging
  1592 | D:2      | Reached skill level 1 in Stealth
  1592 | D:2      | Reached skill level 1 in Unarmed Combat
  1592 | D:2      | Reached skill level 1 in Spellcasting
  1592 | D:2      | Reached skill level 1 in Evocations
  1689 | D:2      | Found a runed translucent door.
  1690 | D:2      | Noticed Crazy Yiuf
  1864 | D:2      | Slain by Crazy Yiuf

Illustrated notes

Levels and vault maps discovered:
D:1:      ncdulo_smallfort, layout_loops_corners, serial_shops, shop,
          serial_bayou_pond_c, minmay_tall_x
D:2:      layout_loops_ring, hellmonk_ecumenical_altar_lost_god,
          uniq_crazy_yiuf_cottage

Skill      XL: |  1  2  3 |
---------------+----------+-----
Invocations    | 1 |  1.0
Short Blades   | 1 |  1.0
Long Blades    | 1 |  1.0
Axes           | 1 |  1.0
Maces & Flails | 1 |  1.0
Staves         | 1 |  1.0
Ranged Weapons | 1 |  1.0
Throwing       | 1 |  1.0
Dodging        | 1 |  1.0
Stealth        | 1 |  1.0
Unarmed Combat | 1 |  1.0
Spellcasting   | 1 |  1.0
Evocations     | 1 |  1.0
Fighting       | |  6.5
Polearms       | |  4.6
Armour         | |  6.5
Shields        | |  6.5
Conjurations   | |  0.7
Hexes          | |  0.7
Summonings     | |  0.7
Necromancy     | |  0.7
Translocations | |  0.7
Transmutations | |  0.7
Fire Magic     | |  0.7
Ice Magic      | |  0.7
Air Magic      | |  0.7
Earth Magic    | |  0.7
Poison Magic   | |  0.7
Shapeshifting  | |  0.7

Action                     || total
---------------------------++-------
  Melee: Trident           ||   171
         Bite              ||     9
   Stab: Distracted        ||     1
 Armour: Scale mail        ||    56
  Dodge: Dodged            ||    60
  Block: Buckler           ||    45

Table legend: (Time is in decaauts)
 A = Elapsed time spent in this place.
 B = Non-inter-level travel time spent in this place.
 C = Inter-level travel time spent in this place.
 D = Time resting spent in this place.
 E = Time spent auto-exploring this place.
 F = Levels seen in this place.
 G = Mean time per level.
                   A        B        C        D        E       F      G
               +--------+--------+--------+--------+--------+-----+--------+
         Total |   1882 |   1735 |    147 |      0 |   1407 |   2 |  941.0 |
       Dungeon |   1882 |   1735 |    147 |      0 |   1407 |   2 |  941.0 |
               +--------+--------+--------+--------+--------+-----+--------+

Top non-repeatable levels by time:
     D:2: 955 daAuts
     D:1: 927 daAuts
